 Dungeon Crawl Stone Soup version 0.32-a0-5-gbffa963729 (webtiles) character file.

Game seed: 15566367210197007944

35 Flugslaktarn the Trooper (level 3, -2/33 HPs)
             Began as a Minotaur Fighter on Jan 13, 2024.
             Slain by a gnoll
             ... wielding a +0 spear
              (8 damage)
             ... on level 2 of the Dungeon.
             The game lasted 00:00:29 (1042 turns).

Flugslaktarn the Trooper (Minotaur Fighter)         Turns: 1042, Time: 00:00:30

Health: -2/33      AC:  7    Str: 22    XL:     3   Next: 16%
Magic:  2/2        EV:  8    Int:  5    God:
Gold:   69         SH:  8    Dex:  9    Spells: 2/2 levels left

rFire   . . .        a - +0 war axe
rCold   . . .        j - +0 kite shield
rNeg    . . .        b - +0 scale mail
rPois   .            (helmet restricted)
rElec   .            (no cloak)
rCorr   .            (no gloves)
SInv    .            (no boots)
Will    .....        (no amulet) Stlth
                     (no ring)
HPRegen 0.25/turn    (no ring)
MPRegen 0.08/turn

%: no passive effects
@: no status effects
A: horns 2, retaliatory headbutt
a: no special abilities


You were on level 2 of the Dungeon.
You visited 1 branch of the dungeon, and saw 2 of its levels.

You collected 69 gold pieces.

Inventory:

Hand Weapons
 a - a +0 war axe (weapon)
Missiles
 e - 2 throwing nets (quivered)
Armour
 b - a +0 scale mail (worn)
 j - a +0 kite shield (worn)
   (You found it on level 2 of the Dungeon)
Jewellery
 f - a ring of fire
   (You found it on level 1 of the Dungeon)
Potions
 c - a potion of curing {unknown}
 d - a potion of might
 g - 2 potions of mutation {unknown}
 h - a potion of brilliance {unknown}
 i - a potion of lignification {unknown}


   Skills:
 * Level 4.2 Fighting
 * Level 3.2 Axes
 + Level 3.9 Armour
 + Level 3.9 Shields


You had 2 spell levels left.
You didn't know any spells.
Your spell library was empty.

Dungeon Overview and Level Annotations

Branches:
Dungeon (2/15)

Altars:


Innate Abilities, Weirdness & Mutations

You have a pair of horns on your head.
You reflexively headbutt those who attack you in melee.


Message History

You closely miss the giant cockroach. The giant cockroach barely misses you.
You furiously retaliate!
You headbutt the giant cockroach!
You kill the giant cockroach!
You have reached level 3!
Your experience leads to an increase in your attributes!
Increase (s)trength, (i)ntelligence, or (d)exterity?
You feel stronger. x2
The dart slug launches a dart at you. The slug dart hits you.
The dart slug launches a dart at you. The slug dart hits you.
You hit the dart slug. You headbutt the dart slug.
The dart slug is severely wounded.
The dart slug launches a dart at you. The slug dart misses you.
You slash the dart slug!
You kill the dart slug!
A bat comes into view.
Found a rapier.
Found a stone staircase leading up and a stone staircase leading down.
The bat hits you.
A bat is nearby!
A bat is nearby!
You block the bat's attack.
You closely miss the bat. Your headbutt misses the bat.
The bat barely misses you. The bat hits you but does no damage.
You block the bat's attack.
You closely miss the bat. You block the bat's attack.
You barely miss the bat. The bat hits you but does no damage. x2
You closely miss the bat. The bat barely misses you.
You slash the bat!
You kill the bat!
No target in view!
No target in view!
HP restored.
You see here a +0 whip.
You now have 53 gold pieces (gained 11).
A kobold comes into view. It is wielding a +0 short sword.
The kobold shouts!
Found a purple potion.
A kobold is nearby!
A kobold is nearby!
The kobold throws a stone.
The stone hits you but does no damage.
You hit the kobold.
You kill the kobold!
No target in view!
No target in view!
No target in view!
No target in view!
No target in view!
A goblin comes into view. It is wielding a +0 dagger.
The goblin shouts!
The goblin moves out of view.
No target in view!
The goblin unwields a +0 dagger.
The goblin wields a +0 sling.
The goblin shoots a sling bullet.
The sling bullet barely misses you.
A goblin is nearby!
The goblin shoots a sling bullet.
You block the sling bullet.
The goblin unwields a +0 sling.
The goblin wields a +0 dagger.
The goblin hits you with a +0 dagger.
You slash the goblin!
You kill the goblin!
No target in view!
No target in view!
No target in view!
No target in view!
You now have 58 gold pieces (gained 5).
Things that are here:
a +0 dagger; a +0 sling; a goblin corpse
c - a purple potion No target in view!
You now have 69 gold pieces (gained 11).
Found a stone staircase leading down.
A gnoll comes into view. It is wielding a +0 club.
The gnoll shouts!
There is a stone staircase leading down here.
A gnoll comes into view. It is wielding a +0 spear.
A gnoll comes into view.
It is wielding a +0 whip and quivering 2 throwing nets.
The gnoll throws a throwing net.
The throwing net hits you.
You become entangled in the net!
You see here a throwing net.
You struggle against the net.
The gnoll hits you with a +0 club.
You tear a large gash into the net.
The gnoll hits you but does no damage.
The gnoll hits you from afar with a +0 spear.
You rip the net and break free!
You block the gnoll's attack.
The gnoll hits you from afar with a +0 spear.
The gnoll throws a throwing net.
The throwing net hits you.
You become entangled in the net!
You struggle against the net.
The gnoll hits you but does no damage.
The gnoll hits you from afar with a +0 spear.
You struggle against the net.
The gnoll barely misses you.
The gnoll hits you from afar with a +0 spear.
You are too injured to fight recklessly!
You tear a large gash into the net.
The gnoll hits you with a +0 club!
* * * LOW HITPOINT WARNING * * *
The gnoll barely misses you. x2; You furiously retaliate!
You headbutt the gnoll.
You rip the net and break free!
The gnoll misses you.
The gnoll hits you from afar with a +0 spear!
You die...

#.........#
#........##.........#
#.>..<...##.........#
##........##.........#
.....................#
#........##....g....#
#).......##.........#
##........##...g@g...###
##.....................#
######.##..#..........##
###.......###...>....##
...)##.#######......##
#..###.#.........####
##.......######.##
###.....### #.#
...#......#####.##


You could see 3 gnolls.

Vanquished Creatures
  2 dart slugs
  6 ball pythons
  2 endoplasms (D:1)
  4 giant cockroaches
  3 goblins
  2 hobgoblins (D:1)
  4 kobolds
  3 bats
  3 frilled lizards
29 creatures vanquished.

Notes
Turn   | Place    | Note
-------+----------+-------------------------------------------
     0 | D:1      | Flugslaktarn the Minotaur Fighter began the quest for the
                  | Orb.
     0 | D:1      | Reached XP level 1. HP: 19/19 MP: 0/0
   184 | D:1      | Reached XP level 2. HP: 27/27 MP: 1/1
   307 | D:1      | Reached skill level 4 in Fighting
   960 | D:2      | Reached XP level 3. HP: 33/33 MP: 2/2
  1042 | D:2      | Slain by a gnoll

Illustrated notes

Levels and vault maps discovered:
D:1:      wander_arrival_chamber, layout_basic, minmay_misc_feat_four_crosses
D:2:      layout_rooms, minmay_vboxes

Skill      XL: |  1  2 |
---------------+-------+-----
Fighting       | 4 |  4.2
Axes           | 3 |  3.2
Armour         | |  3.9
Shields        | |  3.9

Action                     || total
---------------------------++-------
  Melee: War axe           ||    63
         Headbutt          ||    11
 Armour: Scale mail        ||    41
  Dodge: Dodged            ||    32
  Block: Buckler           ||    11
         Kite shield       ||     7

Table legend: (Time is in decaauts)
 A = Elapsed time spent in this place.
 B = Non-inter-level travel time spent in this place.
 C = Inter-level travel time spent in this place.
 D = Time resting spent in this place.
 E = Time spent auto-exploring this place.
 F = Levels seen in this place.
 G = Mean time per level.
                   A        B        C        D        E       F      G
               +--------+--------+--------+--------+--------+-----+--------+
         Total |   1067 |   1029 |     38 |      0 |    821 |   2 |  533.5 |
       Dungeon |   1067 |   1029 |     38 |      0 |    821 |   2 |  533.5 |
               +--------+--------+--------+--------+--------+-----+--------+

Top non-repeatable levels by time:
     D:1: 903 daAuts
     D:2: 163 daAuts
